 Dungeon Crawl Stone Soup version 0.30-a0-883-g5ad918d (webtiles) character file.

Game seed: 6248274246519032559

18663 Nithhogg the Severer (level 12, 0/110 HPs)
             Began as a Hill Orc Fighter on Mar 16, 2023.
             Was a Priest of the Shining One.
             Slain by a komodo dragon (16 damage)
             ... on level 2 of the Lair of Beasts.
             The game lasted 00:25:23 (13211 turns).

Nithhogg the Severer (Hill Orc Fighter)            Turns: 13211, Time: 00:25:23

Health: 0/110      AC: 19    Str: 24    XL:     12   Next: 60%
Magic:  20/20      EV:  7    Int:  8    God:    the Shining One [***...]
Gold:   1215       SH:  0    Dex: 10    Spells: 11/11 levels left

rFire   . . .      SeeInvis .    A - +2 long sword (flame)
rCold   . . .      Faith    +    (no shield)
rNeg    + . .      Spirit   .    h - +1 plate armour
rPois   .          Reflect  .    (no helmet)
rElec   .          Rampage  .    (no cloak)
rCorr   .                        (no gloves)
Will    .....                    (no boots) Stlth
                                 f - amulet of faith
HPRegen 0.38/turn                k - +4 ring of protection
MPRegen 0.17/turn                p - ring of flight

@: flying, glowing
A: no striking features
a: Renounce Religion, Divine Shield, Cleansing Flame


You were on level 2 of the Lair of Beasts.
You worshipped the Shining One.
The Shining One was most pleased with you.
You visited 3 branches of the dungeon, and saw 13 of its levels.
You also visited: Bailey.

You collected 1293 gold pieces.
You spent 78 gold pieces at shops.

Inventory:

Hand Weapons
 a - a +1 war axe
 q - a +4 war axe
 A - a +2 long sword of flaming (weapon)
 C - a +1 whip of electrocution
 E - a +2 battleaxe of venom
 G - a +1 antimagic hand axe
 H - a +0 hand axe of electrocution
Missiles
 s - 4 throwing nets (quivered)
Armour
 b - a +0 scale mail
 c - a +0 buckler
 h - a +1 plate armour (worn)
 m - the +1 leather armour of Youthful Indiscretion {MP-9 Int+2 Dex+5}
   (You found it on level 2 of the Dungeon)

   Int:       It affects your intelligence (+2).
   Dex:       It affects your dexterity (+5).
   MP:        It affects your magic capacity (-9).
 F - a +1 scale mail of cold resistance
 L - +0 fire dragon scales
Jewellery
 d - a ring of protection from fire
 f - an amulet of faith (around neck)
 k - a +4 ring of protection (left hand)
 p - a ring of flight (right hand)
 z - a +6 ring of dexterity
Wands
 j - a wand of flame (11)
 n - a wand of polymorph (13)
 D - a wand of digging (7)
 N - a wand of light (4)
Scrolls
 v - 7 scrolls of enchant armour
 w - 4 scrolls of identify
 x - 2 scrolls of silence
 y - 4 scrolls of teleportation
 I - a scroll of amnesia
 J - a scroll of fear
 M - a scroll of magic mapping
Potions
 e - 2 potions of mutation
 g - a potion of resistance
 i - 3 potions of attraction
 l - 5 potions of degeneration
 o - 3 potions of magic
 t - a potion of berserk rage
 u - 3 potions of haste
 B - 3 potions of curing
 K - a potion of heal wounds


   Skills:
 + Level 11.6 Fighting
 * Level 16.7 Axes
 + Level 10.7 Armour
 - Level 3.2 Shields
 + Level 11.9 Invocations


You had 11 spell levels left.
You didn't know any spells.
Your spell library contained the following spells:

 Spells                   Type           Power      Damage    Failure   Level
 Apportation              Tloc           0%         N/A       99%         1
 Kiss of Death            Conj/Necr      0%         2d5       99%         1
 Necrotise                Necr           0%         1d4       99%         1
 Summon Small Mammal      Summ           0%         N/A       99%         1
 Cigotuvi's Dreadful Rot  Necr/Pois/Air  0%         N/A       100%        2
 Ensorcelled Hibernation  Hex/Ice        0%         N/A       100%        2
 Passwall                 Tmut/Erth      0%         N/A       100%        2
 Poisonous Vapours        Pois/Air       0%         N/A       100%        2
 Sublimation of Blood     Necr           0%         N/A       100%        2
 Confusing Touch          Hex            0%         N/A       100%        3
 Mephitic Cloud           Conj/Pois/Air  0%         N/A       100%        3
 Spider Form              Tmut/Pois      0%         N/A       100%        3
 Swiftness                Air            0%         N/A       100%        3
 Anguish                  Hex/Necr       0%         N/A       100%        4
 Dispel Undead            Necr           0%         3d6       100%        4
 Flame Wave               Conj/Fire      0%         2d4       100%        4
 Manifold Assault         Tloc           0%         N/A       100%        4
 Summon Lightning Spire   Summ/Air       0%         N/A       100%        4
 Dispersal                Tloc           0%         N/A       100%        6
 Storm Form               Tmut/Air       0%         N/A       100%        7
 Disjunction              Tloc           0%         N/A       100%        8
 Maxwell's Capacitive Co  Air            0%         ∞         100%        8
 Fire Storm               Conj/Fire      0%         5d1       100%        9


Dungeon Overview and Level Annotations

Branches:
Dungeon (10/15)            Temple (1/1) D:5            Lair (2/5) D:8
    Orc (0/2) D:9          Bailey (visited)
  Swamp: Lair:2-3    Shoals: Lair:2-3     Snake: Lair:2-3    Spider: Lair:2-3

Altars:
Ashenzari
Cheibriados
Dithmenos
Elyvilon
Fedhas
Gozag
Hepliaklqana
Kikubaaqudgha
Makhleb
Nemelex Xobeh
Qazlal
Ru
Sif Muna
Trog
Uskayaw
Vehumet
Wu Jian
Xom
Yredelemnul
Zin
The Shining One

Shops:
D:8 ?

Portals:
Gauntlet: Lair:2

Annotations:
D:8 Grum


Message History

The four-headed hydra is moderately wounded.
The four-headed hydra bites you! The four-headed hydra bites you.
The four-headed hydra bites you but does no damage.
The four-headed hydra bites you. The yak gores you but does no damage.
The four-headed hydra bites you. The four-headed hydra bites you!
The four-headed hydra bites you. x2
You lop one of the four-headed hydra's heads off!
The flame cauterises the wound!
You slash the three-headed hydra! You burn the three-headed hydra.
The three-headed hydra is moderately wounded.
A bullfrog comes into view.
The yak barely misses you. The three-headed hydra bites you.
The three-headed hydra bites you but does no damage. x2
The bullfrog moves out of view.
You slice one of the three-headed hydra's heads off!
The flame cauterises the wound!
You hit the two-headed hydra. You burn the two-headed hydra.
The two-headed hydra is heavily wounded.
The komodo dragon bites you but does no damage.
The two-headed hydra bites you. The two-headed hydra barely misses you.
The komodo dragon bites you!
The yak gores you but does no damage. x2
The yak barely misses you.
You completely miss the two-headed hydra.
The two-headed hydra is heavily wounded.
The two-headed hydra bites you but does no damage. x2
The komodo dragon bites you! The yak barely misses you. The yak gores you!
* * * LOW HITPOINT WARNING * * *
The yak gores you.
* * * LOW HITPOINT WARNING * * *
The two-headed hydra bites you.
* * * LOW HITPOINT WARNING * * *
The two-headed hydra completely misses you.
Blink to where?
Press: ? - help, Dir - move target
As you read the scroll of blinking, it crumbles to dust.
(D) Dungeon (T) Temple (L) Lair (O) Orcish Mines
Where to? (Enter - Lair:2, ? - help)
There are monsters nearby!
The komodo dragon bites you!
You die...

# #. ... #.
#.####### .....
...#...#P..##....#
...#.............
.#....YDk.........
...$.#.YY.......#
#....Y÷.÷....##
##....÷l.P#...#
##.∩P#.@.....#
#P..###........
###. .#...##.P ..
.. ..## ##...#
#.P# #... ..# #...
... #.. .###


You could see a two-headed hydra, a komodo dragon, 4 yaks and a rime drake.

Vanquished Creatures
  2 two-headed ogres
  Pikel (D:6)
  A black mamba (Lair:1)
  8 elephants (Lair:1)
  4 molten gargoyles
  Maggie (D:8)
  7 cane toads
  A rime drake (Lair:2)
  An unseen horror (D:10)
  2 komodo dragons (Lair:1)
  Prince Ribbit (D:6)
  3 blink frogs (Lair:1)
  A shadow (D:9)
  A vampire (D:10)
  17 yaks
  3 water moccasins
  Duvessa (D:4)
  12 orc warriors
  2 black bears
  A sky beast (D:8)
  An ogre (D:5)
  An ice beast (D:5)
  17 centaurs
  A phantom (D:4)
  Blork the orc (D:6)
  3 kobold brigands
  5 bullfrogs
  2 gnoll sergeants
  12 wights
  Dowan (D:4)
  5 killer bees (D:9)
  2 howler monkeys
  A crimson imp (D:5)
  Crazy Yiuf (D:5)
  2 jellies
  8 orc priests
  3 hounds
  Terence (D:2)
  An iguana (D:6)
  9 orc wizards
  6 adders
  20 gnolls
  2 dart slugs (D:3)
  53 orcs
  3 bats
  7 endoplasms
  5 giant cockroaches
  12 goblins
  7 hobgoblins
  19 kobolds
  3 quokkas
  5 ball pythons
  3 frilled lizards
  6 rats
298 creatures vanquished.

Vanquished Creatures (others)
  An orc wizard (D:5)
  3 fungi (Lair:1)
  A plant (Lair:1)
5 creatures vanquished.

Grand Total: 303 creatures vanquished

Notes
Turn   | Place    | Note
-------+----------+-------------------------------------------
     0 | D:1      | Nithhogg the Hill Orc Fighter began the quest for the Orb.
     0 | D:1      | Reached XP level 1. HP: 19/19 MP: 1/1
    83 | D:1      | Reached skill level 3 in Axes
   162 | D:1      | Reached XP level 2. HP: 27/27 MP: 2/2
   251 | D:1      | Reached skill level 1 in Invocations
   439 | D:2      | Reached XP level 3. HP: 33/33 MP: 3/3
   666 | D:2      | Reached skill level 4 in Axes
   666 | D:2      | Reached XP level 4. HP: 25/40 MP: 5/5
   974 | D:2      | Identified the +1 leather armour of Youthful Indiscretion
                  | {MP-9 Int+2 Dex+5}
  1016 | D:2      | Noticed Terence
  1024 | D:2      | Killed Terence
  1084 | D:2      | Identified a scroll of acquirement
  1084 | D:2      | Acquired 559 gold pieces
  1530 | D:3      | Reached XP level 5. HP: 44/47 MP: 6/6
  2276 | D:4      | Noticed Dowan
  2277 | D:4      | Noticed Duvessa
  2287 | D:4      | Killed Duvessa
  2288 | D:4      | Reached skill level 5 in Axes
  2288 | D:4      | Reached XP level 6. HP: 33/55 MP: 6/8
  2292 | D:4      | Killed Dowan
  2457 | D:4      | Noticed a black bear
  2468 | D:4      | Killed a black bear
  2469 | D:4      | Reached skill level 5 in Fighting
  2469 | D:4      | Reached skill level 6 in Axes
  2653 | D:4      | Reached XP level 7. HP: 57/61 MP: 9/9
  2832 | D:5      | Entered Level 5 of the Dungeon
  3184 | D:5      | Reached skill level 7 in Axes
  3184 | D:5      | Reached skill level 5 in Armour
  3378 | D:5      | Found a staircase to the Ecumenical Temple.
  3415 | Temple   | Entered the Ecumenical Temple
  3611 | Temple   | Became a worshipper of the Shining One
  3739 | D:5      | Found a shimmering altar of Xom.
  3739 | D:5      | Found a burning altar of Makhleb.
  3822 | D:5      | Found a runed translucent door.
  3823 | D:5      | Noticed Crazy Yiuf
  3832 | D:5      | Killed Crazy Yiuf
  4071 | D:6      | Reached XP level 8. HP: 64/70 MP: 11/11
  4146 | D:6      | Reached skill level 5 in Invocations
  4271 | D:6      | Reached skill level 8 in Axes
  4617 | D:6      | Noticed Pikel
  4619 | D:6      | Noticed Prince Ribbit
  4621 | D:6      | Killed Pikel
  4622 | D:6      | Reached skill level 9 in Axes
  4623 | D:6      | Reached * piety under the Shining One
  4637 | D:6      | Reached XP level 9. HP: 48/79 MP: 13/13
  4652 | D:6      | Killed Prince Ribbit
  4653 | D:6      | Reached skill level 10 in Axes
  4694 | D:6      | Noticed Blork the orc
  4699 | D:6      | Killed Blork the orc
  5062 | D:6      | Found a hazy altar of Hepliaklqana.
  5799 | D:7      | Found a flagged portal.
  5823 | D:7      | Reached skill level 11 in Axes
  5841 | Bailey   | Entered a bailey
  6217 | Bailey   | Reached XP level 10. HP: 37/88 MP: 15/15
  6458 | Bailey   | Reached skill level 12 in Axes
  7121 | Bailey   | Got the Meditations on Sinister Combat Magic
  7514 | D:8      | Found a staircase to the Lair.
  7647 | D:8      | Noticed Maggie
  7665 | D:8      | Killed Maggie
  7731 | D:8      | Reached ** piety under the Shining One
  7757 | D:8      | Reached skill level 13 in Axes
  8052 | D:8      | Found Ohuvveod's Magic Scroll Shop.
  8061 | D:8      | Bought a scroll of identify for 26 gold pieces
  8061 | D:8      | Bought a scroll of identify for 26 gold pieces
  8061 | D:8      | Bought a scroll of identify for 26 gold pieces
  8250 | D:8      | Found an opulent altar of Gozag.
  8250 | D:8      | Found the +5 woodcutter's axe
  8251 | D:8      | Noticed Grum
  8450 | D:9      | Found a shimmering blue altar of Sif Muna.
  8460 | D:9      | Noticed a two-headed ogre
  8464 | D:9      | Killed a two-headed ogre
  8609 | D:9      | Found a broken altar of Ashenzari.
  8610 | D:9      | Found a basalt altar of Yredelemnul.
  8611 | D:9      | Found a bloodstained altar of Trog.
  8655 | D:9      | Reached XP level 11. HP: 33/97 MP: 18/18
  8878 | D:9      | Found a shadowy altar of Dithmenos.
  8992 | D:9      | Reached skill level 14 in Axes
  9604 | D:9      | Reached skill level 10 in Fighting
  9604 | D:9      | Reached skill level 10 in Invocations
  9943 | D:9      | Found an ornate altar of the Wu Jian Council.
  9953 | D:9      | Found a staircase to the Orcish Mines.
 10509 | D:10     | Entered Level 10 of the Dungeon
 10578 | D:10     | Noticed a two-headed ogre
 10597 | D:10     | Killed a two-headed ogre
 10859 | D:10     | Found a radiant altar of Vehumet.
 10948 | D:10     | Reached *** piety under the Shining One
 11148 | D:10     | Reached skill level 15 in Axes
 11405 | Lair:1   | Entered Level 1 of the Lair of Beasts
 11734 | Lair:1   | Reached skill level 10 in Armour
 11734 | Lair:1   | Reached XP level 12. HP: 90/108 MP: 20/20
 12198 | Lair:1   | Identified the +2 robe "Zayh" {Dex+6}
 12219 | Lair:1   | Reached skill level 16 in Axes
 12955 | Lair:2   | Found a gate leading to a gauntlet.
 12967 | Lair:2   | Noticed a five-headed hydra
 13211 | Lair:2   | Slain by a komodo dragon

Illustrated notes

Levels and vault maps discovered:
D:1:      dpeg_arrival_rhombi, layout_rooms
D:2:      layout_loops_ring, uniq_terence
D:3:      layout_loops_corners
D:4:      layout_cave_pools, uniq_duvessa
D:5:      layout_rooms, grunt_temple_overflow_champion_of_chaos,
          lemuel_temple_firewalk_b, serial_curves, eino_curves_02,
          eino_curves_01, uniq_crazy_yiuf_cottage
D:6:      layout_cave_pods, lemuel_crystal_altar, dk_rats_in_the_wall,
          uniq_pikel, uniq_prince_ribbit1, uniq_blork_the_orc
D:7:      layout_gridville, enter_bailey_5
D:8:      corexii_shack_village, layout_cave_pools,
          nicolae_overflow_hidden_temple, dpeg_oklobed_lair, serial_shops, shop,
          uniq_maggie, uniq_grum
D:9:      layout_small_grid, kennysheep_mini_moat,
          chequers_temple_overflow_statue_of_worship, grunt_dithmenos_shadows,
          nicolae_overflow_crystal_walls, grunt_decor_clamped, minivault_8
D:10:     layout_roguey, lemuel_crystal_altar, grunt_ogre_cave
Temple:   dpeg_chambers_temple
Lair:1:   layout_regular_city
Lair:2:   layout_loops_ring, nicolae_snake_entry_squirm,
          gammafunk_ghost_berserking_beasts, portal_ice_cave_entry_imps,
          gauntlet_entry_generic, grunt_forest_small_clearings,
          beast_lair_carwin_9

Skill      XL: |  1  2  3  4  5  6  7  8  9 10 11 12 |
---------------+-------------------------------------+-----
Axes           | 3 4 5 6 7 9 11 13 15 16 | 16.7
Invocations    | 1 2 3 4 6 7 9 11 | 11.9
Fighting       | 4 5 7 8 9 10 11 | 11.6
Armour         | 4 5 6 7 8 10 | 10.7
Shields        | |  3.2

Action                     |  1- 3 |  4- 6 |  7- 9 | 10-12 || total
---------------------------+-------+-------+-------+-------++-------
  Melee: War axe           |    53 |   116 |   216 |   126 ||   511
         Punch             |       |     3 |     4 |     4 ||    11
         Whip              |       |       |    22 |       ||    22
         Battleaxe         |       |       |       |   251 ||   251
         Long sword        |       |       |       |     5 ||     5
  Evoke: Wand              |       |       |    28 |       ||    28
    Use: Scroll            |       |     5 |     9 |    11 ||    25
         Potion            |       |     1 |     2 |     1 ||     4
   Stab: Distracted        |     1 |       |       |       ||     1
 Armour: Scale mail        |     5 |       |       |       ||     5
         Plate armour      |    37 |    96 |   213 |   359 ||   705
  Dodge: Dodged            |    17 |    55 |   108 |   186 ||   366

Table legend: (Time is in decaauts)
 A = Elapsed time spent in this place.
 B = Non-inter-level travel time spent in this place.
 C = Inter-level travel time spent in this place.
 D = Time resting spent in this place.
 E = Time spent auto-exploring this place.
 F = Levels seen in this place.
 G = Mean time per level.
                   A        B        C        D        E       F      G
               +--------+--------+--------+--------+--------+-----+--------+
         Total |  13244 |  12873 |    371 |   1400 |   9162 |  14 |  946.0 |
       Dungeon |   9891 |   9550 |    341 |    826 |   7124 |  10 |  989.1 |
        Temple |    209 |    209 |      0 |      0 |    182 |   1 |  209.0 |
          Lair |   1796 |   1767 |     29 |    225 |   1346 |   2 |  898.0 |
        Bailey |   1346 |   1346 |      0 |    349 |    510 |   1 | 1346.0 |
               +--------+--------+--------+--------+--------+-----+--------+

Top non-repeatable levels by time:
     D:9: 1796 daAuts
  Lair:1: 1767 daAuts
     D:6: 1483 daAuts
  Bailey: 1346 daAuts
     D:8: 1271 daAuts
     D:5: 1037 daAuts
     D:2: 927 daAuts
     D:3: 882 daAuts
    D:10: 841 daAuts
     D:4: 642 daAuts
     D:7: 583 daAuts
     D:1: 425 daAuts
  Temple: 209 daAuts
  Lair:2: 29 daAuts
